 Dungeon Crawl Stone Soup version 0.28-a0-689-ga55568f2eb (webtiles) character file.

Game seed: 4445336480512154406

4610 BlueGoblin the Destroyer (level 10, -28/56 HPs)
             Began as an Octopode Conjurer on Oct 20, 2021.
             Was an Initiate of Gozag.
             Annihilated by Urug (33 damage)
             ... on level 1 of the Lair of Beasts.
             The game lasted 00:29:20 (13633 turns).

BlueGoblin the Destroyer (Octopode Conjurer)       Turns: 13633, Time: 00:29:25

Health: -28/56     AC:  4    Str:  7    XL:     10   Next: 42%
Magic:  20/23      EV: 16    Int: 26    God:    Gozag
Gold:   517        SH:  0    Dex: 13    Spells: 13/27 levels left

rFire   + + .      SeeInvis .   a - +3 short sword "Nacyinn" {elec, rF+ Dex+2}
rCold   . . .      Faith    .   (no shield)
rNeg    . . .      Spirit   .   (helmet restricted)
rPois   .          Reflect  .   (no amulet)
rElec   .          Harm     .   l - ring of the Octopus King {rF+ AC+1 EV+1 Str+1 Int+1 Dex+1}
rCorr   .          Rampage  .   (no ring)
Will    +....                   (no ring)
Stlth   +++.......              (no ring)
HPRegen 0.18/turn               (no ring)
MPRegen 0.18/turn               (no ring)
                                (no ring)
                                (no ring)

@: no status effects
A: almost no armour, amphibious, 8 rings, camouflage 1, gelatinous body 1,
(nimble swimmer 1), tentacles, tentacle spike 1, iridescent scales 1,
strong-willed 1
a: Renounce Religion, Potion Petition, Call Merchant, Bribe Branch


You were on level 1 of the Lair of Beasts.
You worshipped Gozag.
Gozag was pleased with you.
You visited 3 branches of the dungeon, and saw 10 of its levels.

You collected 608 gold pieces.
You paid 91 gold pieces to Gozag.

Inventory:

Hand Weapons
 a - the +3 short sword "Nacyinn" (weapon) {elec, rF+ Dex+2}
   (You found it on level 4 of the Dungeon)

   It occasionally discharges a powerful burst of electricity upon striking a
   foe.
   Dex:       It affects your dexterity (+2).
   rF:        It protects you from fire.
 b - a +5 flail of venom
 i - a +1 dagger
Missiles
 d - 152 stones
 e - 54 poisoned darts
 m - 61 sling bullets
 o - 18 bolts
 p - 139 arrows
 s - 7 boomerangs
Magical Staves
 u - a staff of air
Jewellery
 j - a ring of ice
 l - a ring of the Octopus King (left tentacle) {rF+ AC+1 EV+1 Str+1 Int+1 Dex+1}
   (You acquired it on level 6 of the Dungeon)

   [ring of protection from fire]

   AC:        It affects your AC (+1).
   EV:        It affects your evasion (+1).
   Str:       It affects your strength (+1).
   Int:       It affects your intelligence (+1).
   Dex:       It affects your dexterity (+1).
   rF:        It protects you from fire.
Wands
 q - a wand of paralysis (11)
Scrolls
 h - 3 scrolls of teleportation
 k - 2 scrolls of enchant weapon
 n - 2 scrolls of enchant armour
Potions
 c - a potion of curing
 g - a potion of mutation
 r - 2 potions of flight
 t - 2 potions of might


   Skills:
 + Level 6.5 Dodging
 - Level 2.6 Stealth
 + Level 9.1 Spellcasting
 + Level 10.4 Conjurations


You had 13 spell levels left.
You knew the following spells:

 Your Spells              Type           Power      Damage    Failure   Level
a - Magic Dart            Conj           100%       1d8       1%          1
b - Searing Ray           Conj           100%       2d8       1%          2
c - Iskenderun's Mystic   Conj/Tloc      39%        2d9       6%          4
d - Dazzling Flash        Conj/Hex       78%        N/A       1%          3
e - Fulminant Prism       Conj/Hex       19%        3d11      6%          4

Your spell library contained the following spells:

 Spells                   Type           Power      Damage    Failure   Level
 Summon Small Mammal      Summ           44%        N/A       4%          1
 Slow                     Hex            11%        N/A       8%          2
 Call Canine Familiar     Summ           11%        N/A       16%         3
 Confusing Touch          Hex            11%        N/A       16%         3
 Summon Guardian Golem    Hex/Summ       11%        N/A       16%         3
 Summon Ice Beast         Ice/Summ       11%        N/A       45%         4
 Orb of Destruction       Conj           30%        9d11      50%         7
 Summon Mana Viper        Hex/Summ       11%        N/A       80%         5
 Yara's Violent Unravell  Hex/Tmut       5%         3d4       80%         5
 Spellforged Servitor     Conj/Summ      19%        N/A       99%         7
 Monstrous Menagerie      Summ           5%         N/A       100%        7


Dungeon Overview and Level Annotations

Branches:
Dungeon (8/15)             Temple (1/1) D:7            Lair (1/6) D:8

Altars:
Cheibriados
Elyvilon
Fedhas
Gozag
Hepliaklqana
Kikubaaqudgha
Makhleb
Nemelex Xobeh
Okawaru
Qazlal
Trog
Uskayaw
Vehumet
Wu Jian
Xom
Yredelemnul
Zin
The Shining One

Shops:
D:6 :

Portals:
Abyss: D:6

Annotations:
D:6 2 transporters, anet's ghost, novice GrCj
Lair:1 Urug


Innate Abilities, Weirdness & Mutations

You cannot wear most types of armour.
You are amphibious.
You can wear up to eight rings at the same time.
Your skin changes colour to match your surroundings (Stealth+).
Your rubbery body absorbs attacks. (AC +1, EV +1)
((You are camouflaged near water. (Stealth+)))
You have tentacles for arms and can constrict up to eight enemies at once.
One of your tentacles bears a spike.
You are partially covered in iridescent scales. (AC +2)
You are strong-willed. (Will+)


Message History

Throw: 57 darts (poison)
Press: ? - help, Shift-Dir - straight line, f/p - Urug
Aim: Urug, wielding a +2 great mace of protection, wearing a +1 scale mail of fire resistance and quivering javelins (moderately wounded, extremely poisoned, slow, 47% to hit)
You throw a poisoned dart. The poisoned dart closely misses Urug.
Throw: 56 darts (poison)
Press: ? - help, Shift-Dir - straight line, f/p - Urug
Aim: Urug, wielding a +2 great mace of protection, wearing a +1 scale mail of fire resistance and quivering javelins (heavily wounded, extremely poisoned, slow, 47% to hit)
You throw a poisoned dart. The poisoned dart barely misses Urug.
Throw: 55 darts (poison)
Press: ? - help, Shift-Dir - straight line, f/p - Urug
Aim: Urug, wielding a +2 great mace of protection, wearing a +1 scale mail of fire resistance and quivering javelins (heavily wounded, extremely poisoned, slow, 47% to hit)
You throw a poisoned dart. The poisoned dart hits Urug.
Urug is heavily wounded.
Urug throws a javelin.
The javelin barely misses you.
Urug throws a javelin.
The javelin pierces through you!!
Ouch! That really hurt!
Okay, then.
As you read the scroll of identify, it crumbles to dust.
t - 2 potions of might
Okay, then.
Urug throws a javelin.
The javelin misses you.
Casting: Searing Ray (safe; 1% risk of failure)
Confirm with . or Enter, or press ? or * to list all spells.
Casting: Dazzling Flash (safe; 1% risk of failure)
Press: ? - help, Dir - look around, f - activate Urug is dazzled.
Urug throws a javelin.
The javelin pierces through you!!
* * * LOW HITPOINT WARNING * * *
You are too injured to fight recklessly!
You are too injured to fight recklessly!
You barely miss Urug. Your grab misses Urug.
You pierce Urug, but do no damage.
Urug is heavily wounded.
Urug closely misses you.
You hit Urug but do no damage. You grab Urug.
Urug is heavily wounded.
You constrict Urug, but do no damage.
Urug hits you with a +2 great mace of protection!!
Ouch! That really hurt!
You die...
Your body crumbles into a pile of gold.

.# .## ..## ......#
#..#### ......#
......#######
......#
.###.....##.# ###
.....# P#
#.###....###.#
.....#. ## ###
###.....####
..P....
####...@o###.......
#####.(.(....P..
###..#....#.
#...##...#
##..##...# #..#
...# ##.## #..#
##..## #..##
###....###.<.#


You could see Urug (blind, very poisoned, slow).

Vanquished Creatures
  A komodo dragon (Lair:1)
  Grinder (D:3)
  A basilisk (Lair:1)
  A yak (D:7)
  Edmund (D:4)
  An acid dragon (D:8)
  4 water moccasins
  2 ice beasts
  A black bear (D:5)
  A hornet zombie (D:4)
  4 orc warriors (D:8)
  A sky beast (D:6)
  A necrophage (D:6)
  2 ogres
  3 centaurs
  2 kobold brigands
  Blork the orc (D:6)
  A gnoll sergeant (D:8)
  3 bullfrogs
  2 wyvern zombies
  A water moccasin zombie (D:5)
  3 scorpions
  2 water moccasin skeletons
  3 wights (D:8)
  5 killer bees (D:8)
  A centaur zombie (D:8)
  A bullfrog zombie (D:6)
  A hound (D:7)
  An orc priest (D:5)
  A jelly (D:6)
  4 centaur skeletons
  3 orc wizards
  2 iguanas
  2 hound zombies (D:5)
  A howler monkey zombie (D:8)
  12 gnolls
  4 adders
  A white imp (D:6)
  An adder skeleton (D:2)
  A worm (D:2)
  4 dart slugs
  9 orcs
  10 endoplasms
  3 giant cockroaches
  6 goblins
  7 hobgoblins
  4 quokkas
  5 ball pythons
  6 bats
  3 frilled lizards
  13 kobolds
  6 rats
160 creatures vanquished.

Vanquished Creatures (others)
  21 fungi
  17 plants
38 creatures vanquished.

Grand Total: 198 creatures vanquished

Notes
Turn   | Place    | Note
-------+----------+-------------------------------------------
     0 | D:1      | BlueGoblin the Octopode Conjurer began the quest for the
                  | Orb.
     0 | D:1      | Reached XP level 1. HP: 11/11 MP: 3/3
   673 | D:1      | Reached XP level 2. HP: 17/17 MP: 3/5
  1129 | D:1      | Reached XP level 3. HP: 21/21 MP: 4/6
  1374 | D:1      | You fall into a shaft and drop 1 floor!
  1697 | D:2      | Learned a level 2 spell: Searing Ray
  1704 | D:2      | Reached skill level 5 in Conjurations
  1709 | D:2      | Reached XP level 4. HP: 21/27 MP: 1/7
  2779 | D:2      | Reached XP level 5. HP: 31/31 MP: 7/9
  3019 | D:3      | Noticed a centaur
  3032 | D:3      | Killed a centaur
  3033 | D:3      | Reached skill level 6 in Conjurations
  3660 | D:3      | Noticed Grinder
  3962 | D:3      | Paralysed by Grinder for 6 turns
  3971 | D:3      | Paralysed by Grinder for 2 turns
  3975 | D:3      | Killed Grinder
  3976 | D:3      | Reached XP level 6. HP: 27/36 MP: 0/11
  4066 | D:3      | Learned a level 4 spell: Iskenderun's Mystic Blast
  4850 | D:4      | Reached XP level 7. HP: 41/41 MP: 9/13
  5733 | D:4      | Reached skill level 7 in Conjurations
  5849 | D:4      | Noticed Edmund
  6299 | D:4      | Killed Edmund
  6300 | D:4      | Reached skill level 5 in Spellcasting
  6395 | D:4      | Identified the +3 short sword "Nacyinn" {elec, rF+ Dex+2}
  6450 | D:5      | Entered Level 5 of the Dungeon
  6514 | D:5      | Reached XP level 8. HP: 22/46 MP: 3/16
  6516 | D:5      | Gained mutation: One of your tentacles bears a spike.
                  | [potion of mutation]
  6516 | D:5      | Gained mutation: You are strong-willed. (Will+) [potion of
                  | mutation]
  6516 | D:5      | Gained mutation: You are partially covered in iridescent
                  | scales. (AC +2) [potion of mutation]
  7416 | D:5      | Reached skill level 8 in Conjurations
  8257 | D:6      | Reached XP level 9. HP: 28/51 MP: 12/19
  8685 | D:6      | Noticed Blork the orc
  8694 | D:6      | Killed Blork the orc
  9155 | D:6      | Found a transporter.
  9200 | D:6      | Found a glowing golden altar of the Shining One.
  9201 | D:6      | Found a glowing silver altar of Zin.
  9203 | D:6      | Found a white marble altar of Elyvilon.
  9234 | D:6      | Noticed an ancient zyme
  9237 | D:6      | Found a one-way gate to the infinite horrors of the Abyss.
  9237 | D:6      | Noticed anet's ghost (novice GrCj)
  9238 | D:6      | Found a transporter.
  9265 | D:6      | Found Sisatenn's Book Boutique.
  9552 | D:6      | Reached skill level 9 in Conjurations
  9637 | D:6      | Identified a scroll of acquirement
  9637 | D:6      | Acquired a ring of the Octopus King {rF+ AC+1 EV+1 Str+1
                  | Int+1 Dex+1}
  9637 | D:6      | Found the ring of the Octopus King {rF+ AC+1 EV+1 Str+1
                  | Int+1 Dex+1}
 10129 | D:7      | Reached skill level 5 in Dodging
 10566 | D:7      | Found a staircase to the Ecumenical Temple.
 10725 | Temple   | Entered the Ecumenical Temple
 10810 | Temple   | Became a worshipper of Gozag Ym Sagoz the Greedy
 11550 | D:8      | Reached XP level 10. HP: 42/56 MP: 0/22
 11967 | D:8      | Reached skill level 10 in Conjurations
 12182 | D:8      | Found a staircase to the Lair.
 12722 | D:8      | Found a burning altar of Makhleb.
 12724 | D:8      | Noticed a balrug
 12728 | D:8      | Noticed a smoke demon
 12817 | Lair:1   | Entered Level 1 of the Lair of Beasts
 13593 | Lair:1   | Noticed Urug
 13604 | Lair:1   | Learned a level 3 spell: Dazzling Flash
 13609 | Lair:1   | Learned a level 4 spell: Fulminant Prism
 13633 | Lair:1   | Annihilated by Urug

Illustrated notes

Levels and vault maps discovered:
D:1:      mushboom_english_gardens, layout_rooms, minmay_pentomino_s4
D:2:      layout_basic
D:3:      layout_loops_ring, serial_aquarium, aquarium_bridge_long_separate
          [aquarium_subvault_bridge, aquarium_subvault_bridge,
          aquarium_subvault_bridge, aquarium_subvault_wall,
          aquarium_subvault_bridge, aquarium_subvault_window],
          aquarium_bridge_square [aquarium_subvault_bridge,
          aquarium_subvault_wall, aquarium_subvault_wall,
          aquarium_subvault_window], aquarium_window_corner,
          aquarium_window_fake, aquarium_view_2e, uniq_grinder
D:4:      layout_rooms, uniq_edmund
D:5:      kennysheep_spiral_hall, layout_loops_cross, minivault_1,
          due_unseen_surprise
D:6:      layout_loops_ring, good_gods_temple_1, gammafunk_ghost_abyssal_escape,
          serial_shops, shop, uniq_blork_the_orc
D:7:      layout_loops_ring, minmay_temple_entry_tees
D:8:      layout_rooms, makhleb_altar_promises_db,
          grunt_lair_entry_orc_guard_hut
Temple:   zaba_magenta_temple
Lair:1:   layout_cave_pods, uniq_urug

Skill      XL: |  1  2  3  4  5  6  7  8  9 10 |
---------------+-------------------------------+-----
Conjurations   | 5 6 7 8 9 10 | 10.4
Spellcasting   | 3 4 5 6 8 9 |  9.1
Dodging        | 3 4 5 6 |  6.5
Stealth        | |  2.6

Action                   |  1- 3 |  4- 6 |  7- 9 | 10-12 || total
-------------------------+-------+-------+-------+-------++-------
Melee: Unarmed           |     2 |       |       |       ||     2
       Tentacles         |     3 |       |     1 |       ||     4
       Whip              |     6 |       |       |       ||     6
       Dagger            |     6 |     4 |       |       ||    10
       Constrict         |     3 |     1 |     2 |     1 ||     7
       Short sword       |       |       |    19 |     3 ||    22
       Kick              |       |       |     4 |     1 ||     5
Throw: Throwing net      |       |     1 |       |       ||     1
       Dart              |       |       |     6 |     5 ||    11
 Cast: Magic Dart        |    54 |    76 |    33 |     4 ||   167
       Searing Ray       |     1 |     8 |    65 |    19 ||    93
       Iskenderun's Myst |       |       |    18 |    17 ||    35
       Dazzling Flash    |       |       |       |     1 ||     1
  Use: Scroll            |     3 |       |     7 |     2 ||    12
       Potion            |       |     4 |     9 |     1 ||    14
 Stab: Invisible         |       |       |     1 |       ||     1
       Distracted        |       |       |     1 |       ||     1
Armor: Skin              |     1 |     2 |    39 |       ||    42
Dodge: Dodged            |    17 |    29 |   127 |    30 ||   203

Table legend: (Time is in decaauts)
 A = Elapsed time spent in this place.
 B = Non-inter-level travel time spent in this place.
 C = Inter-level travel time spent in this place.
 D = Time resting spent in this place.
 E = Time spent auto-exploring this place.
 F = Levels seen in this place.
 G = Mean time per level.
                   A        B        C        D        E       F      G
               +--------+--------+--------+--------+--------+-----+--------+
         Total |  13617 |  13022 |    595 |   5315 |   5902 |  10 | 1361.7 |
       Dungeon |  12745 |  12192 |    553 |   5010 |   5488 |   8 | 1593.1 |
        Temple |     98 |     56 |     42 |      0 |     50 |   1 |   98.0 |
          Lair |    773 |    773 |      0 |    305 |    364 |   1 |  773.0 |
               +--------+--------+--------+--------+--------+-----+--------+

Top non-repeatable levels by time:
     D:3: 2104 daAuts
     D:2: 1994 daAuts
     D:7: 1814 daAuts
     D:5: 1603 daAuts
     D:6: 1558 daAuts
     D:8: 1267 daAuts
     D:1: 1211 daAuts
     D:4: 1192 daAuts
  Lair:1: 773 daAuts
  Temple: 98 daAuts
